 Dungeon Crawl Stone Soup version 0.25-a0-2-g6559c6c67a (webtiles) character file.

Game seed: 6007861007681504237, levelgen mode: deterministic

132 Dragonoix the Changer (level 4, -2/36 HPs)
             Began as a Draconian Transmuter on Oct 14, 2019.
             Killed from afar by an orc wizard (6 damage)
             ... with a magic dart
             ... on level 4 of the Dungeon.
             The game lasted 00:26:57 (4056 turns).

Dragonoix the Changer (Draconian Transmuter)        Turns: 4056, Time: 00:26:58

Health: -2/36      AC:  5    Str: 12    XL:     4   Next: 92%
Magic:  6/8        EV: 12    Int: 14    God:
Gold:   181        SH:  0    Dex: 12    Spells: 2/8 levels left

rFire    . . .     SeeInvis .   a - +0 trident
rCold    . . .     Gourm    .   (no shield)
rNeg     . . .     Faith    .   (armour unavailable)
rPois    .         Spirit   .   (helmet restricted)
rElec    .         Reflect  .   (no cloak)
rCorr    .         Harm     .   (no gloves)
MR       .....                  (no boots)
Stlth    +.........             (no amulet)
HPRegen  0.12/turn              (no ring)
MPRegen  0.11/turn              (no ring)

@: no status effects
A: unfitting armour, cold-blooded, AC +5
a: no special abilities


You were on level 4 of the Dungeon.
You were hungry.

You visited 2 branches of the dungeon, and saw 5 of its levels.

You collected 181 gold pieces.

Inventory:

Hand Weapons
 a - a +0 trident (weapon)
Missiles
 h - 186 stones
 o - 6 arrows
 w - 4 javelins (quivered)
Armour
 b - a +0 shield
Jewellery
 r - a cursed ring of teleportation {unknown}
 x - an uncursed ring of stealth {unknown}
Scrolls
 e - 4 scrolls of identify {unknown}
 i - 2 scrolls of enchant armour {unknown}
 j - 2 scrolls of teleportation {unknown}
 l - a scroll of magic mapping {unknown}
 m - a scroll of fog {unknown}
 p - a scroll of blinking {unknown}
 q - 2 scrolls of remove curse {unknown}
 t - a scroll of noise {unknown}
 u - a scroll of amnesia {unknown}
Potions
 d - a potion of curing {unknown}
 f - 2 potions of might {unknown}
 g - a potion of heal wounds {unknown}
 k - a potion of mutation {unknown}
 n - a potion of haste {unknown}
 s - 2 potions of invisibility {unknown}
Comestibles
 c - 7 rations


   Skills:
 + Level 2.0 Fighting
 + Level 2.4 Dodging
 - Level 3.2 Unarmed Combat
 + Level 2.8 Spellcasting
 * Level 3.4 Transmutations
 * Level 0.5 Poison Magic


You had 2 spell levels left.
You knew the following spells:

 Your Spells              Type           Power        Failure   Level  Hunger
a - Beastly Appendage     Tmut           ##....       5%          1    #......
b - Sticks to Snakes      Tmut           ##......     9%          2    ##.....
c - Spider Form           Tmut/Pois      #.........   28%         3    ###....

Your spell library contained the following spells:

 Spells                   Type           Power        Failure   Level  Hunger
 Animate Skeleton         Necr           N/A          22%         1    #......
 Apportation              Tloc           #.....       22%         1    #......
 Confusing Touch          Hex            #.....       22%         1    #......
 Summon Small Mammal      Summ           #...         22%         1    #......
 Ice Form                 Ice/Tmut       #.......     71%         4    #####..
 Blade Hands              Tmut           ##........   83%         5    ######.


Dungeon Overview and Level Annotations

Branches:
Dungeon (4/15)             Temple (1/1) D:4

Altars:
Ashenzari
Cheibriados
Dithmenos
Elyvilon
Gozag
Hepliaklqana
Kikubaaqudgha
Nemelex Xobeh
Okawaru
Qazlal
Sif Muna
Xom
Yredelemnul
The Shining One


Innate Abilities, Weirdness & Mutations

Your plain brown scales are hard. (AC +5)
You cannot fit into any form of body armour.
You are cold-blooded and may be slowed by cold attacks.


Message History

You hear some strange, mumbled words.
A magic dart appears from out of thin air!
The magic dart hits you.
You closely miss something.
Your tail-slap misses something.
Something barely misses you. Something hits you but does no damage.
You hit something but do no damage. Something hits you but does no damage.
You closely miss something. Something hits you.
Casting: Sticks to Snakes (safe; 9% risk of failure)
Confirm with . or Enter, or press ? or * to list all spells.
You create a snake!
You now have 6 arrows.
You hear some strange, mumbled words.
A magic dart appears from out of thin air!
The magic dart hits you!
* * * LOW HITPOINT WARNING * * *
There is an open door here.
Your ball python barely misses something.
Your ball python bites something but does no damage.
A magic dart appears from out of thin air!
The magic dart hits you.
You die...

..###...............##
..##..........####.##
#......#......# #.##
#...###.......####..#
#..###.....<...#....#
#..##........###'##### .
...#.........#.....#.####....
.............#.⌠.⌠.#..†).....
.............+..@..S.##......
#............#.⌠.⌠.### .....
#............#.....# .... ...
###+### ... ... .. ... . ...
... ...


You could see a friendly ball python.

Vanquished Creatures
  2 adders
  2 oozes
  3 worms
  A dart slug (D:3)
  9 leopard geckos
  An orc (D:4)
  10 bats
  3 giant cockroaches
  5 goblins
  3 hobgoblins
  4 jackals
  6 kobolds
  4 quokkas
  A ball python (D:2)
  3 frilled lizards
  A leopard gecko skeleton (D:4)
  6 rats
64 creatures vanquished.

Vanquished Creatures (collateral kills)
  3 adders (D:2)
  An orc (D:4)
4 creatures vanquished.

Grand Total: 68 creatures vanquished

Notes
Turn   | Place    | Note
-------+----------+-------------------------------------------
     0 | D:1      | Dragonoix the Draconian Transmuter began the quest for the
                  | Orb.
     0 | D:1      | Reached XP level 1. HP: 16/16 MP: 3/3
    81 | D:1      | Reached XP level 2. HP: 5/23 MP: 3/5
   823 | D:2      | Learned a level 2 spell: Sticks to Snakes
   990 | D:2      | Reached XP level 3. HP: 7/28 MP: 2/6
  2084 | D:2      | Reached XP level 4. HP: 27/36 MP: 8/8
  2910 | D:3      | Learned a level 3 spell: Spider Form
  3762 | D:4      | Found a staircase to the Ecumenical Temple.
  3771 | Temple   | Entered the Ecumenical Temple
  4056 | D:4      | Killed from afar by an orc wizard

Levels and vault maps discovered:
D:1:      roderic_crop_circles_arrival_small, layout_rooms
D:2:      layout_basic, minmay_cut_off
D:3:      layout_basic
D:4:      layout_layer_cave, minmay_temple_entry_hall, corexii_hall_statues_l
Temple:   eino_temple_water

Skill      XL: |  1  2  3  4 |
---------------+-------------+-----
Dodging        | 2 |  2.4
Transmutations | 3 |  3.4
Fighting       | 2 |  2.0
Unarmed Combat | |  3.2
Spellcasting   | |  2.8
Poison Magic   | |  0.5

Action                   |  1- 3 |  4- 6 || total
-------------------------+-------+-------++-------
Melee: Dagger            |   140 |    13 ||   153
       Unarmed           |     9 |       ||     9
       Tailslap          |    14 |     8 ||    22
       Kick              |     4 |     6 ||    10
       Punch             |     4 |     4 ||     8
       Headbutt          |     1 |     3 ||     4
       Trident           |       |   133 ||   133
Throw: Stone             |    24 |    39 ||    63
       Javelin           |       |     2 ||     2
 Cast: Beastly Appendage |     8 |     8 ||    16
       Sticks to Snakes  |     4 |     2 ||     6
 Stab: Sleeping          |     2 |     1 ||     3
  Eat: Chunk             |     4 |     6 ||    10
Armor: Skin              |    34 |    67 ||   101
Dodge: Dodged            |   108 |   119 ||   227

Table legend:
 A = Non-vault XP
 B = Vault XP
 C = Vault XP percentage of total XP
 D = Non-vault monster count
 E = Vault monster count
 F = Vault count percentage of total count
                 A         B        C        D         E       F
            +---------+---------+-------+---------+---------+-------
      Total |     185 |       4 |   2.1 |      66 |       2 |   2.9
            +---------+---------+-------+---------+---------+-------
        D:1 |      25 |       0 |   0.0 |      13 |       0 |   0.0
        D:2 |      81 |       4 |   4.7 |      25 |       2 |   7.4
        D:3 |      60 |       0 |   0.0 |      21 |       0 |   0.0
        D:4 |      19 |       0 |   0.0 |       7 |       0 |   0.0
            +---------+---------+-------+---------+---------+-------
